 Dungeon Crawl Stone Soup version 0.24-a0-416-g56ce5178b7 (webtiles) character file.

Game seed: 10022285784970069320

741 Lanoc the Cudgeler (level 7, 0/90 HPs)
             Began as a Gnoll Chaos Knight on June 9, 2019.
             Was a Plaything of Xom.
             Slain by an orc priest
             ... wielding a +0 mace
              (3 damage)
             ... on level 6 of the Dungeon.
             The game lasted 00:07:05 (3075 turns).

Lanoc the Cudgeler (Gnoll Chaos Knight)             Turns: 3075, Time: 00:07:06

Health: 0/90       AC:  4    Str: 18 (21) XL:     7   Next: 75%
Magic:  10/10      EV: 13    Int: 18 (19) God:    Xom [.....*]
Gold:   172        SH:  0    Dex: 15 (18) Spells: 11/11 levels left

rFire    . . .     SeeInvis .   a - +0 mace (chaos)
rCold    + . .     Gourm    .   (no shield)
rNeg     . . .     Faith    .   o - +1 leather armour "Qiapn" {Int+2 Dex+4}
rPois    .         Spirit   .   (helmet restricted)
rElec    .         Reflect  .   (no cloak)
rCorr    .         Harm     .   (no gloves)
MR       .....                  (no boots)
Stlth    ..........             (no amulet)
HPRegen  0.25/turn              s - ring of protection from cold
MPRegen  0.12/turn              (no ring)

@: berserking (expiring), slowed
A: distributed training, fangs 1, horns 1, clever 1, strong nose
a: Renounce Religion


You were on level 6 of the Dungeon.
You worshipped Xom.
You were Xom's teddy bear.
You were not hungry.

You visited 1 branch of the dungeon, and saw 8 of its levels.

You collected 172 gold pieces.

Inventory:

Hand Weapons
 a - a +0 mace of chaos (weapon)
Missiles
 e - 3 throwing nets (quivered)
Armour
 d - a +0 plate armour
 o - the +1 leather armour "Qiapn" (worn) {Int+2 Dex+4}
   (You found it on level 5 of the Dungeon)

   It affects your intelligence (+2).
   It affects your dexterity (+4).
 q - a +2 robe of resistance
Jewellery
 s - a ring of protection from cold (left hand)
Wands
 i - a wand of disintegration (10)
 p - a wand of iceblast (5)
 r - a wand of flame (12)
Scrolls
 g - 2 scrolls of remove curse {unknown}
 h - a scroll of immolation {unknown}
 k - 4 scrolls of teleportation {unknown}
 l - a scroll of magic mapping {unknown}
 n - 2 scrolls of identify {unknown}
 t - a scroll of fear {unknown}
Potions
 b - a potion of invisibility {unknown}
 f - 2 potions of degeneration
 j - a potion of berserk rage
 m - 2 potions of cancellation {unknown}
 u - a potion of resistance {unknown}
 v - 2 potions of flight {unknown}
Comestibles
 c - 7 rations


   Skills:
 + Level 7.1 Fighting
 + Level 2.6 Short Blades
 + Level 2.6 Long Blades
 + Level 2.6 Axes
 + Level 7.1 Maces & Flails
 + Level 2.6 Polearms
 + Level 2.6 Staves
 + Level 2.6 Slings
 + Level 2.6 Bows
 + Level 2.6 Crossbows
 + Level 2.6 Throwing
 + Level 5.3 Armour
 + Level 3.7 Dodging
 + Level 2.6 Stealth
 + Level 2.6 Shields
 + Level 2.6 Unarmed Combat
 + Level 2.6 Spellcasting
 + Level 2.1 Conjurations
 + Level 2.1 Hexes
 + Level 2.1 Charms
 + Level 2.1 Summonings
 + Level 2.1 Necromancy
 + Level 2.1 Translocations
 + Level 2.1 Transmutations
 + Level 2.1 Fire Magic
 + Level 2.1 Ice Magic
 + Level 2.1 Air Magic
 + Level 2.1 Earth Magic
 + Level 2.1 Poison Magic
 + Level 2.9 Invocations
 + Level 2.6 Evocations


You had 11 spell levels left.
You didn't know any spells.
Your spell library contained the following spells:

 Spells                   Type           Power        Failure   Level  Hunger
 Poison Arrow             Conj/Pois      ##........   100%        6    #######
 Chain Lightning          Conj/Air       ##........   100%        8    #######
 Lehudib's Crystal Spear  Conj/Erth      ##........   100%        8    #######
 Fire Storm               Conj/Fire      ##........   100%        9    #######
 Glaciate                 Conj/Ice       ##........   100%        9    #######


Dungeon Overview and Level Annotations

Branches:
Dungeon (8/15)
 Temple: D:4-7         Lair: D:8-11

Altars:
Dithmenos
Fedhas
Hepliaklqana
Makhleb
Nemelex Xobeh
Qazlal
Ru
Sif Muna
Vehumet
Xom
Zin
The Shining One

Shops:
D:8 *


Innate Abilities, Weirdness & Mutations

Your experience applies equally to all skills.
You have very sharp teeth.
Your uncanny sense of smell can sniff out nearby items.
You have a pair of small horns on your head.
Your mind is acute. (Int +2)


Message History

You feel yourself moving faster!
You feel mighty!
Xom thinks this is hilarious!
Something hits you.
* * * LOW HITPOINT WARNING * * *
The orc priest hits you but does no damage.
Something hits you.
* * * LOW HITPOINT WARNING * * *
The orc priest hits you with a +0 mace.
* * * LOW HITPOINT WARNING * * *
You bump into the rock wall.
You feel a strong urge to attack something.
You feel less confused. Something hits you.
* * * LOW HITPOINT WARNING * * *
You completely miss the orc priest. Your headbutt misses the orc priest.
Your punch misses the orc priest. The orc priest barely misses you.
Something hits you.
* * * LOW HITPOINT WARNING * * *
You closely miss the orc priest. The orc priest hits you with a +0 mace.
You die...

#.####### #.# #
#.####### #. ∆ #.......#
#.. ########.# #...
#......... #....
#.#<......
#.....#########.#######.
......o@................
......{)...########.####
#.....####.# #.# ######
#.## #.# ## ..... #.. #.
...... ### #.
#.......#####+#.
#...............
#............._.


You could see an orc priest.

Vanquished Creatures
  Sigmund (D:5)
  An ogre (D:6)
  A centaur (D:5)
  2 crimson imps
  A centaur zombie (D:6)
  2 hounds (D:5)
  2 orc wizards (D:6)
  Terence (D:3)
  3 worker ants
  A killer bee zombie (D:6)
  A worker ant zombie (D:5)
  3 adder skeletons
  An adder zombie (D:5)
  2 worms
  2 leopard geckos
  9 orcs
  A ball python (D:5)
  A hobgoblin (D:2)
  3 jackals (D:3)
  3 kobolds
  2 quokkas
  3 bats
  A frilled lizard (D:2)
  2 goblins (D:3)
  A jackal skeleton (D:6)
  A leopard gecko skeleton (D:4)
  3 rats
54 creatures vanquished.

Notes
Turn   | Place    | Note
-------+----------+-------------------------------------------
     0 | D:1      | Lanoc the Gnoll Chaos Knight began the quest for the Orb.
     0 | D:1      | Reached XP level 1. HP: 23/23 MP: 1/1
    66 | D:2      | Found a sacrificial altar of Ru.
   129 | D:2      | Found a sparkling altar of Nemelex Xobeh.
   169 | D:3      | Noticed Terence
   172 | D:3      | XOM: potion effect (curing)
   180 | D:3      | XOM: potion effect (might)
   182 | D:3      | Killed Terence
   182 | D:3      | Reached XP level 2. HP: 14/29 MP: 2/2
   182 | D:3      | Reached XP level 3. HP: 17/35 MP: 3/3
   288 | D:3      | XOM: divination: detect creatures
   295 | D:3      | Reached skill level 1 in Invocations
   804 | D:3      | Reached skill level 1 in Short Blades
   804 | D:3      | Reached skill level 1 in Long Blades
   804 | D:3      | Reached skill level 1 in Axes
   804 | D:3      | Reached skill level 1 in Polearms
   804 | D:3      | Reached skill level 1 in Staves
   804 | D:3      | Reached skill level 1 in Slings
   804 | D:3      | Reached skill level 1 in Bows
   804 | D:3      | Reached skill level 1 in Crossbows
   804 | D:3      | Reached skill level 1 in Throwing
   804 | D:3      | Reached skill level 1 in Stealth
   804 | D:3      | Reached skill level 1 in Shields
   804 | D:3      | Reached skill level 1 in Unarmed Combat
   804 | D:3      | Reached skill level 1 in Spellcasting
   804 | D:3      | Reached skill level 1 in Evocations
   905 | D:3      | Reached XP level 4. HP: 35/41 MP: 5/5
  1121 | D:4      | XOM: cloud trail
  1529 | D:4      | Reached skill level 1 in Conjurations
  1529 | D:4      | Reached skill level 1 in Hexes
  1529 | D:4      | Reached skill level 1 in Charms
  1529 | D:4      | Reached skill level 1 in Summonings
  1529 | D:4      | Reached skill level 1 in Necromancy
  1529 | D:4      | Reached skill level 1 in Translocations
  1529 | D:4      | Reached skill level 1 in Transmutations
  1529 | D:4      | Reached skill level 1 in Fire Magic
  1529 | D:4      | Reached skill level 1 in Ice Magic
  1529 | D:4      | Reached skill level 1 in Air Magic
  1529 | D:4      | Reached skill level 1 in Earth Magic
  1529 | D:4      | Reached skill level 1 in Poison Magic
  1674 | D:4      | Found a deep blue altar of Sif Muna.
  1674 | D:4      | Found a blossoming altar of Fedhas.
  1679 | D:4      | Found a glowing golden altar of the Shining One.
  1681 | D:4      | Found a radiant altar of Vehumet.
  1683 | D:4      | Found a shadowy altar of Dithmenos.
  1789 | D:4      | Reached XP level 5. HP: 42/47 MP: 6/6
  1921 | D:5      | Entered Level 5 of the Dungeon
  1948 | D:5      | Noticed Sigmund
  1950 | D:5      | XOM: enchant monster (bad)
  1971 | D:4      | XOM: silly message
  2073 | D:4      | XOM: give mutations
  2073 | D:4      | Gained mutation: You have a pair of small horns on your
                  | head. [Xom's grace]
  2073 | D:4      | Gained mutation: Your mind is acute. (Int +2) [Xom's grace]
  2086 | D:4      | XOM: god gift: moonstone ring {god gift}
  2166 | D:5      | Found a stormy altar of Qazlal.
  2169 | D:5      | XOM: snakes to sticks
  2173 | D:5      | XOM: fog
  2201 | D:5      | Reached XP level 6. HP: 53/53 MP: 8/8
  2239 | D:5      | Reached skill level 5 in Armour
  2471 | D:5      | Got an ancient leather armour
  2482 | D:5      | Identified the +1 leather armour "Qiapn" {Int+2 Dex+4} (You
                  | found it on level 5 of the Dungeon)
  2586 | D:5      | Killed Sigmund
  2586 | D:5      | Reached XP level 7. HP: 54/60 MP: 10/10
  2661 | D:5      | Found a burning altar of Makhleb.
  2663 | D:5      | You fall into a shaft and drop 3 floors!
  2664 | D:8      | Noticed a two-headed ogre
  2674 | D:8      | Found Eneytonn's General Store.
  2830 | D:6      | XOM: 1-stop teleportation journey
  2922 | D:6      | XOM: scenery: create altars
  2937 | D:6      | Found a glowing silver altar of Zin.
  2958 | D:6      | Found a hazy altar of Hepliaklqana.
  3069 | D:6      | XOM: god gift: +10 dark maul {crush}
  3070 | D:6      | Found the +10 dark maul {crush}
  3074 | D:6      | HP: 3/90 [something (2)]
  3075 | D:6      | Slain by an orc priest

Levels and vault maps discovered:
D:1:      shiori_arrival_maze, layout_basic, minivault_27, doesnt_xom_only_xom
D:2:      minmay_angry_zag, layout_basic, nicolae_overflow_crystal_walls,
          lemuel_coloured_pillars_altar, grunt_gozag_breadcrumbs
D:3:      layout_loops_ring, kennysheep_jessica_study, uniq_terence, uniq_robin
D:4:      layout_loops_corners, chequers_temple_overflow_minitemple,
          first_ration
D:5:      layout_cave_pools, grunt_qazlal_clouds, lightli_temple_of_fire,
          grunt_tough_drop, uniq_sigmund, uniq_crazy_yiuf_cottage
D:6:      layout_basic, overflow_temple_1_default, basic_altar,
          trog_hazing_becter
D:7:      layout_cave_pools, minmay_temple_entry_trees, uniq_prince_ribbit1
D:8:      kennysheep_housing_project, layout_basic, kennysheep_mini,
          basic_altar, serial_shops, shop, chequers_serial_rivers_small_3,
          minmay_fractal_squares_gapless_5

Skill      XL: |  1  2  3  4  5  6  7 |
---------------+----------------------+-----
Invocations    | 1 2 |  2.9
Short Blades   | 1 2 |  2.6
Long Blades    | 1 2 |  2.6
Axes           | 1 2 |  2.6
Polearms       | 1 2 |  2.6
Staves         | 1 2 |  2.6
Slings         | 1 2 |  2.6
Bows           | 1 2 |  2.6
Crossbows      | 1 2 |  2.6
Throwing       | 1 2 |  2.6
Stealth        | 1 2 |  2.6
Shields        | 1 2 |  2.6
Unarmed Combat | 1 2 |  2.6
Spellcasting   | 1 2 |  2.6
Evocations     | 1 2 |  2.6
Conjurations   | 1 2 |  2.1
Hexes          | 1 2 |  2.1
Charms         | 1 2 |  2.1
Summonings     | 1 2 |  2.1
Necromancy     | 1 2 |  2.1
Translocations | 1 2 |  2.1
Transmutations | 1 2 |  2.1
Fire Magic     | 1 2 |  2.1
Ice Magic      | 1 2 |  2.1
Air Magic      | 1 2 |  2.1
Earth Magic    | 1 2 |  2.1
Poison Magic   | 1 2 |  2.1
Dodging        | 3 |  3.7
Armour         | 5 |  5.3
Fighting       | 7 |  7.1
Maces & Flails | 7 |  7.1

Action                   |  1- 3 |  4- 6 |  7- 9 || total
-------------------------+-------+-------+-------++-------
Melee: Mace              |    69 |    96 |    32 ||   197
       Bite              |     7 |    15 |     5 ||    27
       Punch             |     1 |       |       ||     1
       Headbutt          |       |     9 |     7 ||    16
Throw: Throwing net      |     1 |       |       ||     1
Evoke: Wand              |       |     1 |     1 ||     2
  Use: Potion            |       |       |     2 ||     2
 Stab: Confused          |     1 |       |       ||     1
       Petrified         |     4 |     6 |       ||    10
       Sleeping          |     1 |       |     1 ||     2
  Eat: Chunk             |       |     4 |       ||     4
       Ration            |       |       |     1 ||     1
Armor: Leather armour    |    16 |    33 |    10 ||    59
Dodge: Dodged            |    43 |    48 |    21 ||   112

Table legend:
 A = Non-vault XP
 B = Vault XP
 C = Vault XP percentage of total XP
 D = Non-vault monster count
 E = Vault monster count
 F = Vault count percentage of total count
                 A         B        C        D         E       F
            +---------+---------+-------+---------+---------+-------
      Total |     740 |     319 |  30.1 |      50 |       4 |   7.4
            +---------+---------+-------+---------+---------+-------
        D:2 |       7 |       0 |   0.0 |       5 |       0 |   0.0
        D:3 |      38 |      38 |  50.0 |      18 |       1 |   5.3
        D:4 |     143 |       0 |   0.0 |      10 |       0 |   0.0
        D:5 |     274 |     281 |  50.6 |       9 |       3 |  25.0
        D:6 |     278 |       0 |   0.0 |       8 |       0 |   0.0
            +---------+---------+-------+---------+---------+-------
